 Seeded DCSS version 0.30.1-11-g7821555f0a (webtiles) character file.

Game seed: 8397731992301383054 (custom seed)

1 bwicke the Magician (level 1, 4/14 HPs)
             Began as a Demonspawn Wanderer on Dec 18, 2023.
             Quit the game on level 1 of the Dungeon.
             The game lasted 00:01:48 (59 turns).

bwicke the Magician (Demonspawn Wanderer)             Turns: 59, Time: 00:01:48

Health: 4/14       AC:  6    Str: 15    XL:     1   Next: 16%
Magic:  4/4        EV:  9    Int: 11    God:
Gold:   0          SH:  0    Dex: 11    Spells: 5/6 levels left

rFire   . . .        a - +0 club
rCold   . . .        (no shield)
rNeg    . . .        b - +0 scale mail
rPois   .            (no helmet)
rElec   .            (no cloak)
rCorr   .            (no gloves)
SInv    .            (no boots)
Will    .....        (no amulet) Stlth
                     (no ring)
HPRegen 0.22/turn    (no ring)
MPRegen 0.09/turn

%: no passive effects
@: no status effects
A: no striking features
a: no special abilities


You were on level 1 of the Dungeon.
You visited 1 branch of the dungeon, and saw 1 of its levels.

Inventory:

Hand Weapons
 a - a +0 club (weapon)
Armour
 b - a +0 scale mail (worn)
Scrolls
 c - a scroll of teleportation
 d - 3 scrolls of blinking
Potions
 e - a potion of brilliance {unknown}


   Skills:
 + Level 0.4 Fighting
 - Level 1.0 Throwing
 - Level 2.6 Armour
 - Level 1.7 Unarmed Combat
 - Level 3.0 Spellcasting
 - Level 1.0 Fire Magic


You had 5 spell levels left.
You knew the following spells:

 Your Spells              Type           Power      Damage    Failure   Level
a - Foxfire               Conj/Fire      8%         2x1d4     63%         1

Your spell library contained the following spells:

 Spells                   Type           Power      Damage    Failure   Level
 Volatile Blastmotes      Fire/Tloc      4%         2d10      94%         3


Dungeon Overview and Level Annotations

Branches:
Dungeon (1/15)

Altars:


Message History

You hit the quokka but do no damage. The quokka closely misses you.
You barely miss the quokka.
The quokka bites you but does no damage. x2
You hit the quokka but do no damage. The quokka barely misses you.
The quokka completely misses you.
You barely miss the quokka. The quokka closely misses you.
You hit the quokka but do no damage. The quokka closely misses you.
The quokka barely misses you.
You closely miss the quokka.
The quokka bites you but does no damage.
You completely miss the quokka. The quokka bites you. x2
You miss the quokka.
The quokka bites you but does no damage.
You hit the quokka. You punch the quokka.
The quokka is almost dead.
The quokka bites you. The quokka barely misses you.
You closely miss the quokka.
The quokka is almost dead.
The quokka bites you but does no damage.
The quokka bites you.
You closely miss the quokka.
The quokka is almost dead.
The quokka bites you.
You barely miss the quokka.
The quokka is almost dead.
The quokka bites you but does no damage.
The quokka closely misses you.
You barely miss the quokka.
The quokka is almost dead.
The quokka bites you.
* * * LOW HITPOINT WARNING * * *
You hit the quokka.
You kill the quokka!
You see here a quokka corpse.
Found a scroll of blinking.
d - 3 scrolls of blinking (gained 1) Unknown command.
Your movement speed is average.
Your attack delay is about 1.3.
Your damage rating with your +0 club is about 5 (Base 5 x 112% (Str) x 100% (Skill)).
Are you sure you want to abandon this character and quit the game? (Confirm with "yes".)

# #≈≈≈#.#
..#...###...#
#8≈8#.#
##.#.#.# ....
# #≈≈≈#.#
#.#.#.##.....
#.#8~8#.#
#.#.#........
#.....##
#.#.#.#......
##.<.##
##.#.#.##.....
##### #..#...#
..... #..#..##
#### #..@...#
. #........#
.........##.#
#........## #
#........#
#....#+###
...### ...


There were no monsters in sight!

Vanquished Creatures
  A quokka (D:1)
1 creature vanquished.

Notes
Turn   | Place    | Note
-------+----------+-------------------------------------------
     0 | D:1      | bwicke the Demonspawn Wanderer began the quest for the Orb.
     0 | D:1      | bwicke set off with the following items: a +0 club, a +0
                  | scale mail, a scroll of teleportation, 2 scrolls of
                  | blinking; and the following spell memorised: Foxfire; and
                  | the following spells available to memorise: Volatile
                  | Blastmotes.
     0 | D:1      | Reached XP level 1. HP: 13/13 MP: 4/4
    59 | D:1      | Quit the game

Illustrated notes

Levels and vault maps discovered:
D:1:      lightli_arrival_statue_moat, layout_basic, serial_co_window_serial,
          co_window_paths_b, co_window_corner_a, co_window_corner_a,
          co_window_paths_b, co_window_of_opportunity_a, co_window_paths_a,
          co_window_paths_b, co_window_unsneaky_path_a, co_window_cross_4,
          co_window_corner_cb, co_window_4corner_b, co_window_4corner_a,
          glass_columns_a, glass_columns_a, grunt_decor_clamped,
          minmay_misc_feat_ornament

Action                     || total
---------------------------++-------
  Melee: Club              ||    19
         Punch             ||     1
 Armour: Scale mail        ||    10
  Dodge: Dodged            ||    10
